[Event "Kragero Resort Chess B 2019"]
[Site "Kragero"]
[Date "2019.02.20"]
[Round "1.1"]
[White "Omtvedt, Per"]
[Black "Berbom, Henrik"]
[Result "1-0"]
[ECO "C89"]
[WhiteElo "1918"]
[BlackElo "1539"]
[Annotator "NA"]
[PlyCount "95"]
[EventDate "2019.02.20"]
[EventType "swiss"]
[EventCountry "NOR"]
[SourceTitle "playchess.com"]
[Source "ChessBase"]
[SourceQuality "1"]
[TimeControl "5400+30"]

1. e4 e5 2. Nf3 Nc6 3. Bb5 a6 4. Ba4 Nf6 5. O-O Be7 6. Re1 b5 7. Bb3 O-O 8. c3 d5 9. d4 dxe4 10. Nxe5 Nxe5 11. dxe5 Qxd1 12. Bxd1 Ng4 13. Rxe4 Rd8 14. Bxg4 Bxg4 15. Re1 Rd5 16. h3 Be6 17. Nd2 Rad8 18. Nb3 b4 19. Nd4 bxc3 20. bxc3 Bc5 21. Nxe6 fxe6 22. Rb1 Rd1 23. Kf1 R1d3 24. Rb3 Bb6 25. Ra3 Rf8 26. f3 a5 27. c4 Rxa3 28. Bxa3 Rd8 29. Ke2 a4 30. Bb2 Bc5 31. Rd1 Rxd1 32. Kxd1 Kf7 33. Ke2 Kg6 34. f4 Kf5 35. Kf3 h5 36. g4+ hxg4+ 37. hxg4+ Kg6 38. Ke4 Bb4 39. Bc1 Bc5 40. f5+ Kf7 41. Be3 Be7 42. c5 c6 43. Kd4 Bd8 44. Kc4 Ba5 45. Bd4 exf5 46. gxf5 g5 47. Kd3 Bb4 48. Ke4 1-0

[Event "Kragero Resort Chess B 2019"]
[Site "Kragero"]
[Date "2019.02.20"]
[Round "1.2"]
[White "Johansen, Bjorn"]
[Black "Manukyan, Hayk T."]
[Result "0-1"]
[ECO "D00"]
[WhiteElo "1539"]
[BlackElo "1806"]
[Annotator "NA"]
[PlyCount "96"]
[EventDate "2019.02.20"]
[EventType "swiss"]
[EventCountry "NOR"]
[SourceTitle "playchess.com"]
[Source "ChessBase"]
[SourceQuality "1"]
[TimeControl "5400+30"]

1. d4 d5 2. Nc3 Nf6 3. e3 c6 4. Nf3 Bg4 5. h3 Bxf3 6. Qxf3 Nbd7 7. Bd3 e5 8. dxe5 Nxe5 9. Qd1 Bb4 10. O-O O-O 11. a3 Bxc3 12. bxc3 Ne4 13. Bb2 Nc4 14. Bxc4 dxc4 15. Qe2 b5 16. Rfd1 Qf6 17. Rd4 Nc5 18. Rad1 Rfd8 19. Qg4 Ne6 20. Rd6 Rac8 21. R1d2 Qe7 22. Qd1 Rxd6 23. Rxd6 Rd8 24. Rxd8+ Qxd8 25. Qxd8+ Nxd8 26. f4 f5 27. g4 g6 28. Kf2 Ne6 29. Kf3 Nc5 30. h4 h5 31. g5 Kf7 32. Bc1 Ne4 33. Bb2 Ke6 34. Ke2 Kd5 35. Ba1 Nc5 36. Kf3 Na4 37. Kf2 Ke4 38. Ke2 Nb6 39. Bb2 Nd5 40. Bc1 Nxc3+ 41. Kf2 Na2 42. Bb2 c3 43. Ba1 a5 44. Ke2 c5 45. Ke1 Kxe3 46. a4 b4 47. Kd1 Kf2 48. Bxc3 Nxc3+ 0-1

[Event "Kragero Resort Chess B 2019"]
[Site "Kragero"]
[Date "2019.02.20"]
[Round "1.3"]
[White "Sjol, Henrik"]
[Black "Amarapala, Sheroni"]
[Result "0-1"]
[ECO "D00"]
[WhiteElo "1800"]
[BlackElo "1514"]
[Annotator "NA"]
[PlyCount "102"]
[EventDate "2019.02.20"]
[EventType "swiss"]
[EventCountry "NOR"]
[SourceTitle "playchess.com"]
[Source "ChessBase"]
[SourceQuality "1"]
[TimeControl "5400+30"]

1. d4 d5 2. Bf4 Bf5 3. e3 c5 4. c3 Nc6 5. Nf3 Nf6 6. Nbd2 e6 7. Bb5 a6 8. Bxc6+ bxc6 9. Ne5 Qb6 10. dxc5 Bxc5 11. Qb3 Rc8 12. Ndf3 O-O 13. Nd4 Bxd4 14. exd4 Qb5 15. c4 dxc4 16. Qxc4 Qxc4 17. Nxc4 Rcd8 18. Rd1 Nd5 19. Bd6 Rfe8 20. Bc5 Bg6 21. Nd6 Re7 22. O-O e5 23. Nc4 Ree8 24. Nxe5 Bh5 25. Rde1 Re6 26. f4 f5 27. g3 Rb8 28. Ba3 Nc7 29. Rc1 Rb6 30. b3 Nd5 31. Rc5 Be8 32. Rfc1 Ne3 33. Kf2 Ng4+ 34. Nxg4 fxg4 35. Re5 Rxe5 36. dxe5 Kf7 37. Ke3 Rb5 38. Bc5 Rb7 39. Rc4 Rd7 40. Bd6 Rb7 41. Kd4 Ke6 42. Ra4 c5+ 43. Bxc5 Bxa4 44. bxa4 Rb2 45. Ke4 g6 46. Kd4 Rxa2 47. Kc3 Rxa4 48. Kb3 Ra1 49. Kb2 Rh1 50. Kc3 Rxh2 51. Kb4 Rg2 0-1

[Event "Kragero Resort Chess B 2019"]
[Site "Kragero"]
[Date "2019.02.20"]
[Round "1.4"]
[White "Stromhaug, Kristoffer Wang"]
[Black "Erikstad, Olav"]
[Result "0-1"]
[ECO "B11"]
[WhiteElo "1493"]
[BlackElo "1777"]
[Annotator "NA"]
[PlyCount "56"]
[EventDate "2019.02.20"]
[EventType "swiss"]
[EventCountry "NOR"]
[SourceTitle "playchess.com"]
[Source "ChessBase"]
[SourceQuality "1"]
[TimeControl "5400+30"]

1. e4 c6 2. d3 d5 3. Nd2 dxe4 4. Nxe4 Nf6 5. Nf3 Nxe4 6. dxe4 Qxd1+ 7. Kxd1 Bg4 8. Be3 Nd7 9. Be2 O-O-O 10. Nd2 Bxe2+ 11. Kxe2 e6 12. Nc4 b5 13. Na5 Kc7 14. a4 b4 15. Nc4 Bc5 16. Bf4+ Kc8 17. Rhd1 f6 18. e5 fxe5 19. Nxe5 Rhf8 20. Nd3 Be7 21. Bd2 c5 22. a5 Nf6 23. Nf4 Bd6 24. Nd3 c4 25. Nxb4 Ne4 26. f3 Nxd2 27. Nc6 c3 28. Nxd8 cxb2 0-1

[Event "Kragero Resort Chess B 2019"]
[Site "Kragero"]
[Date "2019.02.20"]
[Round "1.5"]
[White "Fjellheim, Benjamin"]
[Black "Tellefsen, Jan"]
[Result "1-0"]
[ECO "A13"]
[WhiteElo "1757"]
[BlackElo "1490"]
[Annotator "NA"]
[PlyCount "71"]
[EventDate "2019.02.20"]
[EventType "swiss"]
[EventCountry "NOR"]
[SourceTitle "playchess.com"]
[Source "ChessBase"]
[SourceQuality "1"]
[TimeControl "5400+30"]

1. Nf3 d5 2. b3 Nf6 3. Bb2 e6 4. e3 Be7 5. c4 O-O 6. Be2 Nbd7 7. O-O b6 8. cxd5 Nxd5 9. d4 c5 10. Nbd2 Bb7 11. Rc1 Rc8 12. Nc4 Bf6 13. Nd6 Rc7 14. Nb5 Rc8 15. Nd6 Rc7 16. Nxb7 Rxb7 17. Qd2 cxd4 18. Nxd4 Nc5 19. Rfd1 Qe7 20. Nc6 Qd7 21. Bxf6 Nxf6 22. Qxd7 Ncxd7 23. Ba6 Rbb8 24. Nxb8 Rxb8 25. Rc8+ Rxc8 26. Bxc8 Nf8 27. Rd8 g6 28. Ba6 Nd5 29. Ra8 Nb4 30. Rxa7 Nxa2 31. Bc4 Nc3 32. Rb7 Nd5 33. Bxd5 exd5 34. Rxb6 Ne6 35. Rd6 Nc5 36. b4 1-0

[Event "Kragero Resort Chess B 2019"]
[Site "Kragero"]
[Date "2019.02.20"]
[Round "1.6"]
[White "Ihlen, Sivert"]
[Black "Hausken, Andreas Skrede"]
[Result "0-1"]
[ECO "B48"]
[WhiteElo "1485"]
[BlackElo "1752"]
[Annotator "NA"]
[PlyCount "58"]
[EventDate "2019.02.20"]
[EventType "swiss"]
[EventCountry "NOR"]
[SourceTitle "playchess.com"]
[Source "ChessBase"]
[SourceQuality "1"]
[TimeControl "5400+30"]

1. e4 c5 2. Nf3 e6 3. d4 cxd4 4. Nxd4 Nc6 5. Nc3 Qc7 6. Be3 a6 7. Qf3 Nf6 8. Qg3 Qxg3 9. hxg3 Ng4 10. Be2 Nxe3 11. fxe3 Bc5 12. O-O-O b5 13. Rh5 Bb6 14. Rdh1 h6 15. g4 Nxd4 16. exd4 Bxd4 17. g5 Bb7 18. gxh6 Rxh6 19. Bf3 Ke7 20. Rxh6 Be3+ 21. Kd1 Bxh6 22. e5 Bxf3+ 23. gxf3 Bf4 24. Re1 Rh8 25. Re4 g5 26. a4 Rh1+ 27. Ke2 Rh2+ 28. Kd1 Rd2+ 29. Kc1 Rd4+ 0-1

[Event "Kragero Resort Chess B 2019"]
[Site "Kragero"]
[Date "2019.02.20"]
[Round "1.7"]
[White "Opseth, Oliver"]
[Black "Evenshaug, Amadeus Hestvik"]
[Result "0-1"]
[ECO "D02"]
[WhiteElo "1750"]
[BlackElo "1472"]
[Annotator "NA"]
[PlyCount "104"]
[EventDate "2019.02.20"]
[EventType "swiss"]
[EventCountry "NOR"]
[SourceTitle "playchess.com"]
[Source "ChessBase"]
[SourceQuality "1"]
[TimeControl "5400+30"]

1. d4 Nf6 2. Bf4 d5 3. e3 Bf5 4. Nf3 e6 5. Bd3 Bg6 6. Ne5 Bd6 7. O-O O-O 8. Nxg6 hxg6 9. Bg5 Nbd7 10. f4 Be7 11. Nd2 Nh7 12. h4 f6 13. Bxg6 fxg5 14. hxg5 Bxg5 15. fxg5 Qxg5 16. Bxh7+ Kxh7 17. Qe2 Nf6 18. Rf4 Ng8 19. Raf1 Rxf4 20. Rxf4 Nh6 21. Nf3 Qe7 22. e4 g5 23. Nxg5+ Qxg5 24. Rf1 Rg8 25. exd5 exd5 26. a3 Nf5 27. Rf3 Nxd4 28. Qd3+ Rg6 29. Rh3+ Kg8 30. Qf1 Qg4 31. Re3 Nf5 32. Rd3 Ng3 33. Qf2 Ne2+ 34. Kf1 Nf4 35. Rd4 Qxg2+ 36. Qxg2 Nxg2 37. Kf2 Kf7 38. Rxd5 Nf4 39. Rd7+ Kf6 40. Rxc7 Rg7 41. Rc4 Ng6 42. b4 Ne5 43. Rc5 Ke6 44. b5 Kd6 45. Rc3 Rc7 46. Rb3 Rxc2+ 47. Ke3 Kc5 48. Ke4 Nc4 49. Kd3 Rb2 50. Rc3 Rd2+ 51. Ke4 Ra2 52. Kd3 Rxa3 0-1

[Event "Kragero Resort Chess B 2019"]
[Site "Kragero"]
[Date "2019.02.20"]
[Round "1.8"]
[White "Olsen, Tor Harald Aa"]
[Black "Wright, Haakon"]
[Result "0-1"]
[ECO "B27"]
[WhiteElo "1461"]
[BlackElo "1750"]
[Annotator "NA"]
[PlyCount "38"]
[EventDate "2019.02.20"]
[EventType "swiss"]
[EventCountry "NOR"]
[SourceTitle "playchess.com"]
[Source "ChessBase"]
[SourceQuality "1"]
[TimeControl "5400+30"]

1. e4 c5 2. Nf3 g6 3. Bc4 Bg7 4. c3 Nc6 5. d4 cxd4 6. cxd4 Qb6 7. Qb3 Qxb3 8. Bxb3 Nxd4 9. Nxd4 Bxd4 10. O-O Nf6 11. Rd1 Bb6 12. Nc3 d6 13. h3 h6 14. Bf4 g5 15. e5 Nd7 16. exd6 gxf4 17. Re1 e5 18. Nd5 Kf8 19. Rac1 Nc5 0-1

[Event "Kragero Resort Chess B 2019"]
[Site "Kragero"]
[Date "2019.02.21"]
[Round "2.1"]
[White "Gronn, Embla Ekeland"]
[Black "Omtvedt, Per"]
[Result "0-1"]
[ECO "C13"]
[WhiteElo "1633"]
[BlackElo "1918"]
[Annotator "NA"]
[PlyCount "64"]
[EventDate "2019.02.20"]
[EventType "swiss"]
[EventCountry "NOR"]
[SourceTitle "playchess.com"]
[Source "ChessBase"]
[SourceQuality "1"]
[TimeControl "5400+30"]

1. d4 Nf6 2. Nc3 d5 3. Bg5 e6 4. e4 dxe4 5. Nxe4 Be7 6. Bxf6 Bxf6 7. Nf3 O-O 8. c3 b6 9. Bd3 Bb7 10. O-O Nd7 11. Qc2 g6 12. Nxf6+ Qxf6 13. Be4 Bxe4 14. Qxe4 c5 15. Rad1 cxd4 16. Qxd4 Rfd8 17. Rd2 Qxd4 18. Rxd4 Kf8 19. Rfd1 Ke7 20. Kf1 f6 21. Ke2 Nc5 22. Rxd8 Rxd8 23. Rxd8 Kxd8 24. Kd2 Kd7 25. b4 Ne4+ 26. Ke3 Nxc3 27. a3 Nb5 28. a4 Nc3 29. Kd3 Nxa4 30. Kc2 a6 31. Kb3 b5 32. Nd4 Kd6 0-1

[Event "Kragero Resort Chess B 2019"]
[Site "Kragero"]
[Date "2019.02.21"]
[Round "2.2"]
[White "Manukyan, Hayk T."]
[Black "Espeland, Jonatan"]
[Result "1-0"]
[ECO "A45"]
[WhiteElo "1806"]
[BlackElo "1634"]
[Annotator "NA"]
[PlyCount "129"]
[EventDate "2019.02.20"]
[EventType "swiss"]
[EventCountry "NOR"]
[SourceTitle "playchess.com"]
[Source "ChessBase"]
[SourceQuality "1"]
[TimeControl "5400+30"]

1. d4 Nf6 2. Bg5 Ne4 3. h4 Nxg5 4. hxg5 e6 5. f4 d5 6. e3 c5 7. c3 Nc6 8. Bd3 g6 9. a3 c4 10. Bf1 Qb6 11. Ra2 Na5 12. Nd2 Bd7 13. g3 Nb3 14. Nxb3 Ba4 15. Ra1 Bxb3 16. Qe2 Bg7 17. Bg2 O-O-O 18. Nf3 h6 19. gxh6 Rxh6 20. Rxh6 Bxh6 21. Kf2 Rh8 22. Rh1 Bg7 23. Rxh8+ Bxh8 24. e4 dxe4 25. Nd2 f5 26. Nxc4 Bxc4 27. Qxc4+ Qc6 28. Bf1 Qxc4 29. Bxc4 Kd7 30. g4 Kd6 31. g5 a6 32. b4 b5 33. Bb3 Bg7 34. a4 Bf8 35. Ke3 Be7 36. Bd1 Bd8 37. axb5 axb5 38. Bb3 Bb6 39. Bd1 Ba7 40. Be2 Kc6 41. Bh5 Kd5 42. Bxg6 Kc4 43. Bf7 Kxc3 44. Bxe6 Bxd4+ 45. Ke2 Kxb4 46. Bxf5 Kc5 47. Bxe4 Kd6 48. Kf3 Ke7 49. Kg4 Kf7 50. Kh5 Be3 51. Kg4 Kg7 52. Bd5 Bd2 53. Bb3 Be3 54. Kf5 Bf2 55. Ke4 Kg6 56. Bc2 Kf7 57. f5 Bh4 58. Kf4 Be1 59. Bb3+ Kg7 60. f6+ Kg6 61. Bc2+ Kf7 62. Kf5 Bc3 63. g6+ Kg8 64. Bb3+ Kh8 65. g7+ {[%emt 0:00:05] Bd2 [%emt 00:00:18]} 1-0

[Event "Kragero Resort Chess B 2019"]
[Site "Kragero"]
[Date "2019.02.21"]
[Round "2.3"]
[White "Erikstad, Olav"]
[Black "Lorentzen, Jan Ove"]
[Result "1-0"]
[ECO "B12"]
[WhiteElo "1777"]
[BlackElo "1604"]
[Annotator "NA"]
[PlyCount "29"]
[EventDate "2019.02.20"]
[EventType "swiss"]
[EventCountry "NOR"]
[SourceTitle "playchess.com"]
[Source "ChessBase"]
[SourceQuality "1"]
[TimeControl "5400+30"]

1. e4 c6 2. d4 d5 3. e5 Bf5 4. g4 Bg6 5. h4 h6 6. h5 Bh7 7. e6 fxe6 8. Bd3 Bxd3 9. Qxd3 Kd7 10. Nf3 Qe8 11. Ne5+ Kc8 12. Ng6 Nf6 13. Nxh8 Nxg4 14. Qg6 Qxg6 15. Nxg6 1-0

[Event "Kragero Resort Chess B 2019"]
[Site "Kragero"]
[Date "2019.02.21"]
[Round "2.4"]
[White "Nordquelle, Amelia"]
[Black "Fjellheim, Benjamin"]
[Result "1-0"]
[ECO "D21"]
[WhiteElo "1585"]
[BlackElo "1757"]
[Annotator "NA"]
[PlyCount "45"]
[EventDate "2019.02.20"]
[EventType "swiss"]
[EventCountry "NOR"]
[SourceTitle "playchess.com"]
[Source "ChessBase"]
[SourceQuality "1"]
[TimeControl "5400+30"]

1. d4 d5 2. c4 dxc4 3. Nf3 a6 4. e4 b5 5. a4 Bb7 6. axb5 axb5 7. Rxa8 Bxa8 8. Nc3 e6 9. Nxb5 Bxe4 10. Bxc4 Bb4+ 11. Ke2 Nf6 12. Qa4 c6 13. Qxb4 cxb5 14. Bxb5+ Nbd7 15. Ne5 Qe7 16. Qa4 O-O 17. Nxd7 Ra8 18. Nxf6+ Qxf6 19. Qc4 Bxg2 20. Bc6 Rc8 21. Qa6 Rxc6 22. Qa8+ Qd8 23. Qxd8# 1-0

[Event "Kragero Resort Chess B 2019"]
[Site "Kragero"]
[Date "2019.02.21"]
[Round "2.5"]
[White "Hausken, Andreas Skrede"]
[Black "Shehzad, Alisha"]
[Result "1-0"]
[ECO "B26"]
[WhiteElo "1752"]
[BlackElo "1579"]
[Annotator "NA"]
[PlyCount "71"]
[EventDate "2019.02.20"]
[EventType "swiss"]
[EventCountry "NOR"]
[SourceTitle "playchess.com"]
[Source "ChessBase"]
[SourceQuality "1"]
[TimeControl "5400+30"]

1. e4 c5 2. Nc3 g6 3. g3 Nc6 4. Bg2 Bg7 5. d3 e6 6. Be3 d6 7. Nge2 Nge7 8. O-O O-O 9. Qd2 Nd4 10. h4 Rb8 11. a4 a6 12. Bg5 Qc7 13. h5 b5 14. h6 Bh8 15. axb5 axb5 16. f4 b4 17. Na4 Nec6 18. Nxd4 Nxd4 19. Bh3 Bd7 20. Qd1 Ra8 21. b3 Nb5 22. Rc1 Bd4+ 23. Kh2 Be3 24. Ra1 Bd4 25. Ra2 Rxa4 26. Rxa4 Nc3 27. Qf3 Nxa4 28. bxa4 Bxa4 29. f5 exf5 30. exf5 Qb8 31. fxg6 hxg6 32. Bf6 Qa8 33. Qf4 Qe8 34. h7+ Kxh7 35. Qh4+ Kg8 36. Qh8# 1-0

[Event "Kragero Resort Chess B 2019"]
[Site "Kragero"]
[Date "2019.02.21"]
[Round "2.6"]
[White "Wright, Haakon"]
[Black "Gudmundsson, Thordur"]
[Result "1-0"]
[ECO "A13"]
[WhiteElo "1750"]
[BlackElo "1548"]
[Annotator "NA"]
[PlyCount "95"]
[EventDate "2019.02.20"]
[EventType "swiss"]
[EventCountry "NOR"]
[SourceTitle "playchess.com"]
[Source "ChessBase"]
[SourceQuality "1"]
[TimeControl "5400+30"]

1. c4 e6 2. g3 Nf6 3. Bg2 d5 4. Nf3 Be7 5. O-O O-O 6. cxd5 exd5 7. d3 c6 8. Nc3 Na6 9. Bf4 Bd6 10. Bxd6 Qxd6 11. a3 Re8 12. b4 Nc7 13. Rb1 a5 14. Nd4 axb4 15. axb4 Qe5 16. e3 Ne6 17. Nxe6 Bxe6 18. d4 Qd6 19. b5 Rec8 20. bxc6 Qxc6 21. Ne2 Qd7 22. Qb3 Rab8 23. Nc3 Bf5 24. Rb2 Bd3 25. Ra1 Bc4 26. Qb4 h6 27. Na4 Ra8 28. Rbb1 Qd8 29. Nb6 Rxa1 30. Rxa1 Rb8 31. Nxc4 dxc4 32. Qxc4 b5 33. Qb3 b4 34. Ra7 Qf8 35. e4 Ra8 36. Ra4 Rxa4 37. Qxa4 Qb8 38. e5 Ne8 39. Qa8 Qxa8 40. Bxa8 Nc7 41. Be4 Nb5 42. d5 Nc3 43. d6 Kf8 44. Bc2 Ne2+ 45. Kf1 Nd4 46. Be4 b3 47. Ke1 Nb5 48. Kd2 1-0

[Event "Kragero Resort Chess B 2019"]
[Site "Kragero"]
[Date "2019.02.21"]
[Round "2.7"]
[White "Frovik, Einar Clausen"]
[Black "Leonhardsen, Vebjorn Maanum"]
[Result "1/2-1/2"]
[ECO "B19"]
[WhiteElo "1555"]
[BlackElo "1748"]
[Annotator "NA"]
[PlyCount "98"]
[EventDate "2019.02.20"]
[EventType "swiss"]
[EventCountry "NOR"]
[SourceTitle "playchess.com"]
[Source "ChessBase"]
[SourceQuality "1"]
[TimeControl "5400+30"]

1. e4 c6 2. d4 d5 3. Nc3 dxe4 4. Nxe4 Bf5 5. Ng3 Bg6 6. h4 h6 7. h5 Bh7 8. Nf3 Nf6 9. Bd3 Bxd3 10. Qxd3 e6 11. Bf4 Bb4+ 12. c3 Bd6 13. Ne5 Qc7 14. Ne4 Nxe4 15. Qxe4 Nd7 16. Nd3 Nf6 17. Bxd6 Qxd6 18. Qe5 Qxe5+ 19. Nxe5 Rd8 20. f3 Ke7 21. a4 Nd7 22. O-O-O Nxe5 23. dxe5 Rd5 24. Rxd5 exd5 25. g4 Ke6 26. f4 c5 27. Kd2 Rb8 28. Kd3 f6 29. Re1 fxe5 30. Rxe5+ Kd6 31. c4 d4 32. Ke4 b6 33. f5 Kd7 34. Kf4 Re8 35. Rd5+ Ke7 36. g5 hxg5+ 37. Kxg5 Rd8 38. Rxd8 Kxd8 39. h6 gxh6+ 40. Kxh6 d3 41. f6 d2 42. f7 d1=Q 43. f8=Q+ Kc7 44. Qe7+ Kb8 45. Qe8+ Kb7 46. Qb5 a6 47. Qe8 Qd2+ 48. Kg6 Qd3+ 49. Kh5 Qd1+ 1/2-1/2

[Event "Kragero Resort Chess B 2019"]
[Site "Kragero"]
[Date "2019.02.21"]
[Round "2.8"]
[White "Rynning, Rune Kleiven"]
[Black "Bernstein, Jonas August"]
[Result "0-1"]
[ECO "B17"]
[WhiteElo "1542"]
[BlackElo "1744"]
[Annotator "NA"]
[PlyCount "106"]
[EventDate "2019.02.20"]
[EventType "swiss"]
[EventCountry "NOR"]
[SourceTitle "playchess.com"]
[Source "ChessBase"]
[SourceQuality "1"]
[TimeControl "5400+30"]

1. e4 c6 2. d4 d5 3. Nc3 dxe4 4. Nxe4 Nd7 5. Nf3 Ngf6 6. Nxf6+ Nxf6 7. Bg5 Ne4 8. Bh4 Bg4 9. Be2 Qd6 10. O-O e6 11. Qd3 Bf5 12. Qb3 Qc7 13. Rad1 Bd6 14. c4 O-O 15. c5 Be7 16. Bxe7 Qxe7 17. Ne5 Nf6 18. Nc4 Be4 19. Nd6 Bd5 20. Qxb7 Qxb7 21. Nxb7 Rfb8 22. Na5 Rxb2 23. Bc4 Bxc4 24. Nxc4 Rxa2 25. Ne5 Rc8 26. Rb1 g6 27. Rb7 Rd2 28. Rxa7 Rxd4 29. Nxf7 Rd7 30. Rxd7 Nxd7 31. Nd6 Ra8 32. Ne4 Ra4 33. f3 Rc4 34. Re1 e5 35. Kf2 Nxc5 36. Nf6+ Kf7 37. Nxh7 Nd3+ 38. Ke2 Nxe1 39. Kxe1 Rc2 40. Ng5+ Ke7 41. Kf1 c5 42. h4 c4 43. g4 Rh2 44. Ke1 Kd6 45. Ne4+ Kd5 46. h5 gxh5 47. gxh5 Kd4 48. Ng3 Kd3 49. Kd1 Rg2 50. Nf1 Rg1 51. Ke1 c3 52. Kf2 Rxf1+ 53. Kxf1 c2 0-1

[Event "Kragero Resort Chess B 2019"]
[Site "Kragero"]
[Date "2019.02.21"]
[Round "3.1"]
[White "Omtvedt, Per"]
[Black "Becher, Adrian"]
[Result "1/2-1/2"]
[ECO "B08"]
[WhiteElo "1918"]
[BlackElo "1642"]
[Annotator "NA"]
[PlyCount "95"]
[EventDate "2019.02.20"]
[EventType "swiss"]
[EventCountry "NOR"]
[SourceTitle "playchess.com"]
[Source "ChessBase"]
[SourceQuality "1"]
[TimeControl "5400+30"]

1. e4 d6 2. d4 Nf6 3. Nc3 g6 4. Nf3 Bg7 5. Be2 O-O 6. O-O Bg4 7. Be3 Nc6 8. d5 Bxf3 9. gxf3 Ne5 10. f4 Ned7 11. Qd2 e6 12. dxe6 fxe6 13. Bc4 Qe7 14. f5 gxf5 15. exf5 d5 16. fxe6 dxc4 17. exd7 Nxd7 18. Rae1 Qf7 19. Qd5 Bxc3 20. Qxf7+ Kxf7 21. bxc3 Ne5 22. f4 Rg8+ 23. Kh1 Ng4 24. Bd4 b6 25. h3 Nf6 26. Kh2 Rad8 27. Rf2 c5 28. Be5 Rd7 29. Bxf6 Kxf6 30. Re4 b5 31. a4 a6 32. axb5 axb5 33. Re5 Rc8 34. Kg3 b4 35. cxb4 cxb4 36. Rb5 b3 37. Rb6+ Kf5 38. Re2 Rd5 39. Ree6 bxc2 40. Re1 Ra8 41. Rc6 Ra3+ 42. Kf2 Kxf4 43. Rxc4+ Kf5 44. Rxc2 Rxh3 45. Kg2 Rh4 46. Rf2+ Rf4 47. Rxf4+ Kxf4 48. Re2 {[%emt 0:00:30] Ke5 [%emt 00:01:55]} 1/2-1/2

[Event "Kragero Resort Chess B 2019"]
[Site "Kragero"]
[Date "2019.02.21"]
[Round "3.2"]
[White "Halvorsen, Benjamin"]
[Black "Manukyan, Hayk T."]
[Result "1-0"]
[ECO "B77"]
[WhiteElo "1683"]
[BlackElo "1806"]
[Annotator "NA"]
[PlyCount "96"]
[EventDate "2019.02.20"]
[EventType "swiss"]
[EventCountry "NOR"]
[SourceTitle "playchess.com"]
[Source "ChessBase"]
[SourceQuality "1"]
[TimeControl "5400+30"]

1. e4 c5 2. Nf3 g6 3. Nc3 Bg7 4. d4 cxd4 5. Nxd4 Nc6 6. Be3 Nf6 7. Bc4 O-O 8. Bb3 d6 9. f3 Bd7 10. Qd2 Na5 11. h4 h5 12. O-O-O Rb8 13. Bh6 b5 14. g4 Nc4 15. Bxc4 bxc4 16. Bxg7 Kxg7 17. gxh5 Nxh5 18. Nf5+ Bxf5 19. exf5 Qb6 20. Qd4+ Qxd4 21. Rxd4 Ng3 22. Rg1 Nxf5 23. Rxc4 Rfc8 24. Ra4 Rb7 25. h5 Rcb8 26. b3 Rc8 27. Nd5 Rb5 28. Nf4 e5 29. Nd3 Nd4 30. Rg2 Nxf3 31. Rxa7 e4 32. Rxg6+ Kh8 33. Rxf7 Nh4 34. Rh6+ Kg8 35. Rfh7 Rc6 36. Nf4 Nf5 37. Rh8+ Kf7 38. Rg6 Re5 39. Rh7+ Kf8 40. Ne6+ Rxe6 41. Rxe6 Kg8 42. Ra7 Rc8 43. Rxe4 d5 44. Re5 Nd4 45. Rxd5 Nxc2 46. Kd2 Nb4 47. Rdd7 Rc2+ 48. Kd1 Rc8 1-0

[Event "Kragero Resort Chess B 2019"]
[Site "Kragero"]
[Date "2019.02.21"]
[Round "3.3"]
[White "Olsen, William Alexander"]
[Black "Erikstad, Olav"]
[Result "1-0"]
[ECO "C88"]
[WhiteElo "1646"]
[BlackElo "1777"]
[Annotator "NA"]
[PlyCount "61"]
[EventDate "2019.02.20"]
[EventType "swiss"]
[EventCountry "NOR"]
[SourceTitle "playchess.com"]
[Source "ChessBase"]
[SourceQuality "1"]
[TimeControl "5400+30"]

1. e4 e5 2. Nf3 Nc6 3. Bb5 a6 4. Ba4 Nf6 5. d3 b5 6. Bb3 Be7 7. O-O O-O 8. a4 Bb7 9. Nbd2 d6 10. c3 Qd7 11. Re1 Na5 12. Bc2 c5 13. Nf1 Nc6 14. Ng3 b4 15. d4 bxc3 16. bxc3 cxd4 17. cxd4 exd4 18. Nxd4 Rac8 19. Bb2 Rc7 20. Rc1 Rfc8 21. e5 Nxd4 22. exf6 Nxc2 23. Rxe7 Qc6 24. Qf3 Qxf3 25. gxf3 gxf6 26. Nf5 Bxf3 27. Bxf6 d5 28. Rb1 Nb4 29. Rbe1 Rc1 30. Nh6+ Kf8 31. Rxf7# 1-0

[Event "Kragero Resort Chess B 2019"]
[Site "Kragero"]
[Date "2019.02.21"]
[Round "3.4"]
[White "Nordquelle, Amelia"]
[Black "Hausken, Andreas Skrede"]
[Result "0-1"]
[ECO "E32"]
[WhiteElo "1585"]
[BlackElo "1752"]
[Annotator "NA"]
[PlyCount "104"]
[EventDate "2019.02.20"]
[EventType "swiss"]
[EventCountry "NOR"]
[SourceTitle "playchess.com"]
[Source "ChessBase"]
[SourceQuality "1"]
[TimeControl "5400+30"]

1. d4 Nf6 2. c4 e6 3. Nc3 Bb4 4. Qc2 b6 5. f3 c5 6. e3 O-O 7. Bd3 cxd4 8. exd4 h6 9. Nge2 d5 10. O-O Bb7 11. Be3 Nc6 12. Rad1 dxc4 13. Bxc4 Ne7 14. Nf4 Ned5 15. Ncxd5 Nxd5 16. Nxd5 Bxd5 17. Qb3 Be7 18. Bxd5 Qxd5 19. Qxd5 exd5 20. Rc1 Rac8 21. Kf2 Bf6 22. Ke2 Rfe8 23. Kd3 b5 24. Rxc8 Rxc8 25. Rc1 Rxc1 26. Bxc1 Kf8 27. Bd2 Ke7 28. Bb4+ Kd7 29. Bc5 a6 30. b3 h5 31. Kc3 Kc6 32. a4 g6 33. a5 Kd7 34. Kd3 Ke6 35. Ke3 Bd8 36. b4 Kf5 37. g3 g5 38. h3 g4 39. fxg4+ hxg4 40. h4 Bf6 41. Bd6 Bg7 42. h5 Kg5 43. Bc5 f5 44. Be7+ Kxh5 45. Kf4 Kg6 46. Bc5 Kf6 47. Ke3 Bh6+ 48. Kf2 f4 49. gxf4 Bxf4 50. Ke2 Kf5 51. Kd3 g3 52. Ke2 Ke4 0-1

[Event "Kragero Resort Chess B 2019"]
[Site "Kragero"]
[Date "2019.02.21"]
[Round "3.5"]
[White "Kveim, Ingvar Torjesen"]
[Black "Wright, Haakon"]
[Result "0-1"]
[ECO "B34"]
[WhiteElo "1372"]
[BlackElo "1750"]
[Annotator "NA"]
[PlyCount "86"]
[EventDate "2019.02.20"]
[EventType "swiss"]
[EventCountry "NOR"]
[SourceTitle "playchess.com"]
[Source "ChessBase"]
[SourceQuality "1"]
[TimeControl "5400+30"]

1. e4 c5 2. Nf3 g6 3. d4 cxd4 4. Nxd4 Nc6 5. Be3 Bg7 6. Nc3 Nf6 7. Be2 O-O 8. Qd2 d5 9. Nxc6 bxc6 10. e5 Nd7 11. Bh6 Nxe5 12. Bxg7 Kxg7 13. Qd4 f6 14. f4 Nf7 15. g4 Qb6 16. Qd3 e5 17. f5 g5 18. O-O-O a5 19. h4 h6 20. hxg5 hxg5 21. Rh7+ Kxh7 22. Qh3+ Kg7 23. Qh5 Rh8 24. Qg6+ Kf8 25. Qxf6 Rh6 26. Nxd5 cxd5 27. Qxb6 Rxb6 28. Rxd5 Rd6 29. Rc5 Ke7 30. Bf3 Rda6 31. Rc7+ Kf6 32. Bd5 Nd6 33. Rh7 Bxf5 34. gxf5 Kxf5 35. c4 Rc8 36. b3 a4 37. Rh6 axb3 38. axb3 Rb6 39. Be6+ Kf4 40. Bxc8 Nxc8 41. Rxb6 Nxb6 42. c5 Nd5 43. c6 Nc7 0-1